 Dungeon Crawl Stone Soup version 0.31-a0-851-g7ff8af7976 (webtiles) character file.

Game seed: 15284948836754289332

16 GigaChad the Shield-Bearer (level 2, -1/24 HPs)
             Began as a Formicid Fighter on Oct 6, 2023.
             Slain by a hobgoblin (4 damage)
             ... on level 1 of the Dungeon.
             The game lasted 00:00:55 (103 turns).

GigaChad the Shield-Bearer (Formicid Fighter)        Turns: 103, Time: 00:00:55

Health: -1/24      AC:  6    Str: 20    XL:     2   Next: 75%
Magic:  2/2        EV:  9    Int:  7    God:
Gold:   6          SH:  5    Dex: 13    Spells: 1/1 levels left

rFire   . . .        a - +0 war axe
rCold   . . .        c - +0 buckler
rNeg    . . .        b - +0 scale mail
rPois   .            (helmet unavailable)
rElec   .            (no cloak)
rCorr   .            (no gloves)
SInv    +            (no boots)
Will    .....        (no amulet) Stlth
                     (no ring)
HPRegen 0.24/turn    (no ring)
MPRegen 0.08/turn

%: no passive effects
@: no status effects
A: permanent stasis, dig shafts and tunnels, antennae 3, four strong arms
a: Dig, Shaft Self


You were on level 1 of the Dungeon.
You visited 1 branch of the dungeon, and saw 1 of its levels.

You collected 6 gold pieces.

Inventory:

Hand Weapons
 a - a +0 war axe (weapon)
Armour
 b - a +0 scale mail (worn)
 c - a +0 buckler (worn)
Scrolls
 e - a scroll of identify {unknown}
Potions
 d - a potion of might
 f - a potion of enlightenment {unknown}


   Skills:
 * Level 3.5 Fighting
 * Level 2.3 Axes
 * Level 3.4 Armour
 * Level 0.1 Stealth
 * Level 4.2 Shields
 * Level 0.1 Spellcasting


You had one spell level left.
You didn't know any spells.
Your spell library was empty.

Dungeon Overview and Level Annotations

Branches:
Dungeon (1/15)

Altars:


Innate Abilities, Weirdness & Mutations

You cannot be hasted, slowed, berserked, paralysed or teleported.
You can dig through walls and to a lower floor.
You have a pair of large antennae on your head. (SInv)
Your four strong arms can wield two-handed weapons with a shield.


Message History

You are too injured to fight recklessly!
Unknown command.
Unknown command.
You are too injured to fight recklessly!
You are too injured to fight recklessly!
You are too injured to fight recklessly!
Unknown command.
You are too injured to fight recklessly!
You barely miss the giant cockroach. You barely miss the endoplasm.
The giant cockroach bites you but does no damage.
The endoplasm hits you.
* * * LOW HITPOINT WARNING * * *
You hit the giant cockroach.
The giant cockroach is moderately wounded.
You hit the endoplasm but do no damage. You block the giant cockroach's attack.
The endoplasm hits you but does no damage.
The giant cockroach bites you but does no damage.
The endoplasm freezes you.
You are frozen.
* * * LOW HITPOINT WARNING * * *
The hobgoblin barely misses you.
You hit the giant cockroach.
The giant cockroach is almost dead.
You barely miss the hobgoblin. You slash the endoplasm!
You kill the endoplasm!
The giant cockroach bites you but does no damage. x2
The hobgoblin barely misses you.
Unknown command.
You barely miss the giant cockroach.
The giant cockroach is almost dead.
You hit the hobgoblin. You block the giant cockroach's attack.
The hobgoblin closely misses you.
The giant cockroach bites you but does no damage.
You slash the giant cockroach!
You kill the giant cockroach!
You completely miss the hobgoblin. The hobgoblin barely misses you.
The hobgoblin hits you but does no damage.
Unknown command.
The hobgoblin hits you.
You die...

...........#...
...............
...............
...............
...............
............#
...........#
.......g@†.#
..###....###
#...##.##.## .
#.......#..###.).
##.###..#.....# .# .#
#........#..#..##. .##
#.........#..###.###.#
#.......###### #.###..
#
#......†).#####.##....
##


You could see a hobgoblin.

Vanquished Creatures
  A dart slug (D:1)
  3 endoplasms (D:1)
  2 giant cockroaches (D:1)
  3 jackals (D:1)
  2 ball pythons (D:1)
  2 kobolds (D:1)
13 creatures vanquished.

Notes
Turn   | Place    | Note
-------+----------+-------------------------------------------
     0 | D:1      | GigaChad the Formicid Fighter began the quest for the Orb.
     0 | D:1      | Reached XP level 1. HP: 18/18 MP: 1/1
    84 | D:1      | Reached XP level 2. HP: 24/24 MP: 2/2
   103 | D:1      | Slain by a hobgoblin

Illustrated notes

Levels and vault maps discovered:
D:1:      spicycebolla_green_bress_n_ham_2, layout_rooms,
          shapermc_ecumenical_altar_starsandcircs

Action                     || total
---------------------------++-------
  Melee: War axe           ||    22
 Armour: Scale mail        ||    19
  Dodge: Dodged            ||    12
  Block: Buckler           ||    10

Table legend: (Time is in decaauts)
 A = Elapsed time spent in this place.
 B = Non-inter-level travel time spent in this place.
 C = Inter-level travel time spent in this place.
 D = Time resting spent in this place.
 E = Time spent auto-exploring this place.
 F = Levels seen in this place.
 G = Mean time per level.
                   A        B        C        D        E       F      G
               +--------+--------+--------+--------+--------+-----+--------+
         Total |    113 |    113 |      0 |      0 |     60 |   1 |  113.0 |
       Dungeon |    113 |    113 |      0 |      0 |     60 |   1 |  113.0 |
               +--------+--------+--------+--------+--------+-----+--------+

Top non-repeatable levels by time:
     D:1: 113 daAuts
